 Dungeon Crawl Stone Soup version 0.25.1-2-g60ff931df9 (webtiles) character file.

Game seed: 2806360490625262912

3750 RudyRod the Carver (level 9, -7/67 (68) HPs)
             Began as a Demonspawn Fighter on Oct 14, 2020.
             Was a Priest of Okawaru.
             Killed by divine providence
             ... invoked by an orc priest
              (11 damage)
             ... on level 9 of the Dungeon.
             The game lasted 00:29:32 (9528 turns).

RudyRod the Carver (Demonspawn Fighter)             Turns: 9528, Time: 00:29:33

HP:   -7/67 (68)    AC:  5    Str: 24    XL:     9   Next: 93%
MP:   13/13         EV:  9    Int: 10    God:    Okawaru [***...]
Gold: 190           SH: 10    Dex: 14    Spells: 8/8 levels left

rFire    + + .     SeeInvis .   I - +7 long sword "Kahaj" {drain, *Noise rF++}
rCold    . . .     Gourm    .   c - +0 kite shield
rNeg     . . .     Faith    .   m - -2 scale mail (curse)
rPois    .         Spirit   .   (helmet restricted)
rElec    .         Reflect  .   K - scarf {repulsion}
rCorr    +         Harm     .   (no gloves)
MR       .....                  (no boots)
Stlth    ..........             (no amulet)
HPRegen  1.21/turn              h - +6 ring of strength
MPRegen  0.13/turn              y - ring of resist corrosion

@: repel missiles
A: hooves 1, horns 2, powered by death 2
a: Heroism, Renounce Religion


You were on level 9 of the Dungeon.
You worshipped Okawaru.
Okawaru was most pleased with you.
You were hungry.

You visited 2 branches of the dungeon, and saw 10 of its levels.
You also visited: Sewer.

You collected 351 gold pieces.
You spent 161 gold pieces at shops.

Inventory:

Hand Weapons
 I - the +7 long sword "Kahaj" (weapon) {drain, *Noise rF++}
   (You bought it in a shop on level 5 of the Dungeon)

   A truly terrible weapon, it drains the life of those it strikes.
   It greatly protects you from fire.
   It may make noises in combat.
Missiles
 j - 226 stones (quivered)
Armour
 c - a +0 kite shield (worn)
 e - a +0 chain mail
 l - a +0 plate armour
 m - a cursed -2 scale mail (worn)
 q - a +0 animal skin
 x - a +2 cloak
 E - a +1 scale mail of poison resistance
 K - a scarf of repulsion (worn)
Jewellery
 h - a +6 ring of strength (left hand)
 n - an uncursed ring of protection from magic
 u - an uncursed ring of ice
 v - a +4 ring of protection {unknown}
 y - a ring of resist corrosion (right hand)
 C - a +6 ring of dexterity {unknown}
Wands
 a - a wand of disintegration (13)
 D - a wand of digging (5)
 H - a wand of enslavement (14)
Scrolls
 b - 7 scrolls of teleportation
 i - a scroll of remove curse
 k - 3 scrolls of magic mapping
 r - 2 scrolls of fear {unknown}
 t - 2 scrolls of blinking
 z - a scroll of enchant weapon {unknown}
 A - a scroll of fog {unknown}
Potions
 d - 2 potions of might
 g - 5 potions of curing
 o - a potion of ambrosia
 p - 3 potions of brilliance
 s - 5 potions of lignification
 w - 5 potions of flight
 B - a potion of haste {unknown}
 F - a potion of magic {unknown}
 G - a potion of heal wounds {unknown}
 J - a potion of cancellation {unknown}
 L - a potion of stabbing {unknown}
Comestibles
 f - 15 rations


   Skills:
 + Level 5.6 Fighting
 + Level 8.2 Long Blades
 + Level 7.1 Armour
 + Level 2.4 Dodging
 + Level 1.9 Stealth
 + Level 4.7 Shields
 * Level 5.7 Invocations


You had 8 spell levels left.
You didn't know any spells.
Your spell library contained the following spells:

 Spells                   Type           Power        Failure   Level  Hunger
 Animate Skeleton         Necr           N/A          97%         1    ##.....
 Apportation              Tloc           #.....       97%         1    ##.....
 Corona                   Hex            #......      97%         1    ##.....
 Summon Small Mammal      Summ           #...         97%         1    ##.....
 Poisonous Vapours        Pois/Air       #.....       99%         2    ###....
 Conjure Flame            Conj/Fire      #.......     100%        3    ####...
 Mephitic Cloud           Conj/Pois/Air  #.......     100%        3    ####...
 Freezing Cloud           Conj/Ice/Air   #.........   100%        6    #######
 Ring of Flames           Chrm/Fire      #.........   100%        7    #######


Dungeon Overview and Level Annotations

Branches:
Dungeon (9/15)             Temple (1/1) D:4            Lair (0/6) D:9
  Sewer (visited)
    Orc: D:9-12

Altars:
Ashenzari
Cheibriados
Dithmenos
Elyvilon
Fedhas
Gozag
Hepliaklqana
Kikubaaqudgha
Makhleb
Nemelex Xobeh
Okawaru
Qazlal
Ru
Sif Muna
Trog
Uskayaw
Vehumet
Wu Jian
Xom
Yredelemnul
Zin
The Shining One

Shops:
D:4 *   D:5 (   D:8 }


Innate Abilities, Weirdness & Mutations

You have large cloven feet.
You have a pair of horns on your head.
You regenerate health from kills.


Message History

You block the orc warrior's attack.
You hit the orc warrior but do no damage.
You drain the orc warrior.
The orc warrior is severely wounded.
The orc warrior hits you from afar with a +0 halberd!
You closely miss the orc warrior. Your kick misses the orc warrior.
The orc warrior is severely wounded.
You block the orc warrior's attack.
The orc priest calls down the wrath of Beogh upon you.
Beogh smites you!
* * * LOW HITPOINT WARNING * * *
You slash the orc warrior!
You kill the orc warrior!
Okawaru accepts your kill.
Your Armour skill increases to level 7!
The orc warrior hits you from afar with a +0 halberd!
* * * LOW HITPOINT WARNING * * *
The orc priest mumbles some strange prayers to Beogh against you.
Beogh smites you!
You die...

##..###o................##.#
##..##
#.....................
##oo##
#.....################
##o.## #....o# #.o.# #####.#
##..## #o# ##..### #o#
#.....# #)# ...##..# #@#
..## #.# #.# .)# ..# #.# .o#
.# #.# ..# .. #.# ... .. ..#
.o. ... ..# ..o. ..# ...o
...#


You could see an orc warrior, an orc priest and an orc.

Vanquished Creatures
  2 two-headed ogres (D:9)
  A yak (D:9)
  2 hungry ghosts
  2 orc warriors
  An ice beast (D:7)
  A black bear (D:8)
  A necrophage (D:9)
  2 ogres
  A centaur (D:6)
  A big kobold (Sewer)
  2 bullfrogs (D:6)
  A scorpion (D:4)
  A water moccasin skeleton (D:5)
  A howler monkey (D:5)
  5 crimson imps
  An orc priest (D:3)
  2 bullfrog skeletons
  3 hounds
  6 orc wizards
  Terence (D:3)
  An iguana (D:8)
  Ijyb (D:5)
  A worker ant (D:6)
  A hound skeleton (D:6)
  Robin (D:3)
  8 adders
  6 gnolls
  2 river rats (Sewer)
  3 shadow imps
  4 oozes
  An adder skeleton (D:6)
  5 dart slugs
  3 worms
  8 leopard geckos
  25 orcs
  3 ball pythons (Sewer)
  6 bats
  8 giant cockroaches
  18 goblins
  12 hobgoblins
  13 jackals
  17 kobolds
  5 quokkas
  6 frilled lizards
  A jackal skeleton (D:8)
  14 rats
  A spectral orc (D:6)
211 creatures vanquished.

Notes
Turn   | Place    | Note
-------+----------+-------------------------------------------
     0 | D:1      | RudyRod the Demonspawn Fighter began the quest for the Orb.
     0 | D:1      | Reached XP level 1. HP: 18/18 MP: 1/1
   108 | D:1      | Gained mutation: You have a pair of small horns on your
                  | head. [demonic ancestry]
   108 | D:1      | Reached XP level 2. HP: 22/24 MP: 2/2
   177 | D:1      | Reached skill level 2 in Long Blades
   274 | D:1      | Reached XP level 3. HP: 16/29 MP: 3/3
   911 | D:1      | Gained mutation: You regenerate a little health from kills.
                  | [demonic ancestry]
   911 | D:1      | Reached XP level 4. HP: 25/35 MP: 4/4
  1931 | D:3      | Reached skill level 3 in Long Blades
  1965 | D:3      | Reached XP level 5. HP: 41/41 MP: 5/5
  1975 | D:3      | Reached skill level 1 in Stealth
  2097 | D:3      | Noticed Robin
  2110 | D:3      | Killed Robin
  2580 | D:3      | Gained mutation: You have large cloven feet. [demonic
                  | ancestry]
  2580 | D:3      | Reached XP level 6. HP: 27/47 MP: 6/6
  2841 | D:3      | Noticed Terence
  2872 | D:3      | Killed Terence
  2919 | D:3      | Found a shimmering blue altar of Sif Muna.
  3056 | D:4      | Found a staircase to the Ecumenical Temple.
  3094 | Temple   | Entered the Ecumenical Temple
  3166 | D:4      | Reached skill level 4 in Long Blades
  3166 | D:4      | Reached skill level 1 in Dodging
  3348 | D:4      | Found an ornate altar of the Wu Jian Council.
  3360 | D:4      | Found a sparkling altar of Nemelex Xobeh.
  3399 | D:4      | Found an iron altar of Okawaru.
  3851 | D:4      | Found Udim's Assorted Antiques.
  3898 | D:4      | Gained mutation: You regenerate health from kills. [demonic
                  | ancestry]
  3898 | D:4      | Reached XP level 7. HP: 40/54 MP: 7/7
  4525 | D:5      | Entered Level 5 of the Dungeon
  4703 | D:5      | Reached skill level 5 in Long Blades
  4884 | D:5      | Found an ancient bone altar of Kikubaaqudgha.
  4961 | D:5      | Found Peevvan's Antique Weapon Shop.
  5207 | D:4      | Became a worshipper of Warmaster Okawaru
  5291 | D:5      | Noticed Ijyb
  5292 | D:5      | Found a glowing silver altar of Zin.
  5298 | D:5      | Killed Ijyb
  5844 | D:6      | Reached skill level 5 in Armour
  5861 | D:6      | Found a glowing drain.
  5865 | Sewer    | Entered a sewer
  5914 | Sewer    | Reached XP level 8. HP: 61/61 MP: 8/8
  6775 | D:6      | Reached skill level 1 in Invocations
  6938 | D:6      | Reached skill level 6 in Long Blades
  7027 | D:6      | Found a basalt altar of Yredelemnul.
  7109 | D:6      | Found an opulent altar of Gozag.
  7119 | D:6      | Found a hazy altar of Hepliaklqana.
  7328 | D:5      | Bought a scorched long sword for 161 gold pieces
  7328 | D:5      | Identified the +7 long sword "Kahaj" {drain, *Noise rF++}
                  | (You bought it in a shop on level 5 of the Dungeon)
  7551 | D:7      | Found a shattered altar of Ashenzari.
  8260 | D:8      | Found an ancient bone altar of Kikubaaqudgha.
  8263 | D:8      | Found Mily's Gadget Shoppe.
  8335 | D:8      | Found a snail-covered altar of Cheibriados.
  8522 | D:8      | Reached * piety under Okawaru
  9061 | D:9      | Found a blossoming altar of Fedhas.
  9098 | D:9      | Found a staircase to the Lair.
  9105 | D:9      | Gained mutation: You have a pair of horns on your head.
                  | [demonic ancestry]
  9105 | D:9      | Reached XP level 9. HP: 67/67 MP: 11/11
  9114 | D:9      | Reached skill level 5 in Fighting
  9120 | D:9      | Noticed a two-headed ogre
  9136 | D:9      | Killed a two-headed ogre
  9136 | D:9      | Reached ** piety under Okawaru
  9136 | D:9      | Reached skill level 7 in Long Blades
  9161 | D:9      | Reached skill level 5 in Invocations
  9410 | D:9      | Noticed a two-headed ogre
  9418 | D:9      | Killed a two-headed ogre
  9418 | D:9      | Reached *** piety under Okawaru
  9418 | D:9      | Reached skill level 8 in Long Blades
  9528 | D:9      | Killed from afar by an orc priest

Illustrated notes

Levels and vault maps discovered:
D:1:      dpeg_arrival_arbitrary_c, layout_rooms
D:2:      layout_loops_ring
D:3:      layout_loops_ring, lemuel_coloured_pillars_altar, minivault_4,
          uniq_robin, uniq_terence
D:4:      layout_layer_cave, nemelex_xobeh_ov_fountains_minmay,
          nicolae_overflow_hidden_temple, nicolae_overflow_crystal_walls,
          minmay_temple_entry_overgrown, serial_shops, nicolae_shop_behind_doors
D:5:      layout_basic, overflow_temple_1_default, zin_academy, first_ration,
          serial_shops, nicolae_shop_statue_plus, serial_bayou_crossing,
          uniq_ijyb
D:6:      layout_loops_corners, yredelemnul_forgotten_temple_becter,
          amethyst_overflow_temple_binary, gup_sewer_entry_bowl
D:7:      layout_gridville, nicolae_ashenzari_panopticon
D:8:      layout_cave_pods, lemuel_crystal_altar, serial_shops,
          nicolae_shop_waterfront, basic_altar
D:9:      minmay_the_grid_3x3 [minmay_the_grid_pillar_ring,
          minmay_the_grid_mess, minmay_the_grid_empty, minmay_the_grid_odd_star,
          minmay_the_grid_aliased_spiral, minmay_the_grid_minigrid_small_alt,
          minmay_the_grid_dragon_b, minmay_the_grid_square_x,
          minmay_the_grid_prize_four_corners], layout_cave_pods, david_orc_3,
          basic_altar
Temple:   minmay_freezing_vapour_temple

Skill      XL: |  1  2  3  4  5  6  7  8  9 |
---------------+----------------------------+-----
Armour         | 3 4 5 6 7 |  7.1
Long Blades    | 2 3 4 5 6 8 |  8.2
Shields        | 3 4 |  4.7
Stealth        | 1 |  1.9
Fighting       | 4 5 |  5.6
Dodging        | 1 2 |  2.4
Invocations    | 3 5 |  5.7

Action                   |  1- 3 |  4- 6 |  7- 9 || total
-------------------------+-------+-------+-------++-------
Melee: Long sword        |    76 |   244 |   284 ||   604
       Headbutt          |     5 |    52 |    50 ||   107
       Kick              |       |    28 |   100 ||   128
Invok: Heroism           |       |       |     2 ||     2
  Use: Scroll            |     1 |     7 |     5 ||    13
  Eat: Chunk             |       |    10 |    13 ||    23
       Ration            |       |       |     2 ||     2
Armor: Scale mail        |    34 |    53 |    91 ||   178
       Chain mail        |       |    27 |       ||    27
Dodge: Dodged            |    20 |    55 |    74 ||   149
       Repelled          |       |       |     1 ||     1
Block: Kite shield       |    41 |   116 |   133 ||   290
       Rpst.: Long sword |     8 |    18 |    22 ||    48
